 Dungeon Crawl Stone Soup version 0.17-a0-1533-g2f57bce (webtiles) character file.

140 TheHolyPigeon the Insei (level 5, -9/39 HPs)
             Began as a Vampire Monk on July 16, 2015.
             Was a Believer of Makhleb.
             Killed by divine providence
             ... invoked by an orc priest
              (13 damage)
             ... on level 3 of the Dungeon.
             The game lasted 00:06:52 (2471 turns).

TheHolyPigeon the Insei (Vampire Monk)              Turns: 2471, Time: 00:06:53

Health: -9/39      AC:  4    Str: 10    XL:     5   Next: 2%
Magic:  5/5        EV: 15    Int: 12    God:    Makhleb [**....]
Gold:   126        SH:  0    Dex: 18    Spells: 0 memorised, 4 levels left

rFire  . . .     SeeInvis +       - Unarmed
rCold  . . .     Clarity  .     a - +0 robe
rNeg   + . .     SustAt   .     (no shield)
rPois  .         Gourm    .     (no helmet)
rElec  .         Spirit   .     (no cloak)
rCorr  .         Warding  .     (no gloves)
rMut   .         Stasis   .     h - +1 pair of boots
MR     .....                    (no amulet)
Stlth  +++.......               (no ring)
                                (no ring)

@: not resistant to hostile enchantments, fairly stealthy
A: fangs 3, see invisible, unbreathing
a: Bat Form, Minor Destruction, Renounce Religion


You were on level 3 of the Dungeon.
You worshipped Makhleb.
Makhleb was pleased with you.
You were not thirsty.

You visited 1 branch of the dungeon, and saw 4 of its levels.

You collected 126 gold pieces.

Inventory:

Armour
 a - a +0 robe (worn)
 h - a +1 pair of boots (worn)
Jewellery
 i - an uncursed ring of fire {unknown}
Scrolls
 b - 2 scrolls of remove curse {unknown}
 d - a scroll of teleportation
 f - 3 scrolls of identify
 g - a scroll of enchant armour {unknown}
Potions
 c - a potion of agility
 e - a potion of curing


   Skills:
 - Level 2.6 Fighting
 + Level 5.0 Dodging
 - Level 3.0 Stealth
 + Level 5.8 Unarmed Combat


You had 4 spell levels left.
You didn't know any spells.

Dungeon Overview and Level Annotations

Branches:
Dungeon (4/15)
 Temple: D:4-7

Altars:
Cheibriados
Makhleb


Innate Abilities, Weirdness & Mutations

You have razor-sharp teeth.
You have supernaturally acute eyesight.
You can survive without breathing.


Message History

The orc priest closely misses you.
You hit the orc priest.
You bite the orc priest, but do no damage.
The orc priest is almost dead.
The orc hits you with a short sword.
* * * LOW HITPOINT WARNING * * *
The orc priest closely misses you. x2
You hit the orc priest.
You kill the orc priest!
Makhleb accepts your kill.
Your Dodging skill increases to level 5!
You have reached level 5!
You feel agile. The orc priest misses you. The orc hits you with a short sword!
* * * LOW HITPOINT WARNING * * *
You closely miss the orc priest.
The orc priest is heavily wounded.
The orc priest mumbles some strange prayers to Beogh against you.
Something smites you!
You die...

#.†.....##*******#....##
#.......# #....#
#..†....# #....#
#...)...# #....#
#.......# ######
#.......### #.........#
#######...# #@o.# #o).#
#...# #...# #...#*****
#....,,,,* ##....,,,*
*.....,,* *,,,,,,,*


You could see an orc priest and an orc.

Vanquished Creatures
  An orc priest (D:3)
  4 adders
  2 oozes
  2 giant geckos
  6 orcs (D:3)
  4 giant cockroaches
  7 goblins
  6 hobgoblins
  4 jackals (D:3)
  A quokka (D:3)
  A ball python (D:2)
  6 bats
  4 giant newts
  A kobold (D:2)
  7 rats
56 creatures vanquished.

Notes
Turn   | Place    | Note
--------------------------------------------------------------
     0 | D:1      | TheHolyPigeon the Vampire Monk began the quest for the Orb.
     0 | D:1      | Reached XP level 1. HP: 17/17 MP: 1/1
   339 | D:1      | Reached XP level 2. HP: 23/23 MP: 2/2
   718 | D:2      | Found a snail-covered altar of Cheibriados.
  1080 | D:2      | Reached skill level 5 in Unarmed Combat
  1080 | D:2      | Reached XP level 3. HP: 19/28 MP: 3/3
  1874 | D:3      | Reached XP level 4. HP: 27/34 MP: 4/4
  2354 | D:3      | Found a burning altar of Makhleb.
  2363 | D:3      | Became a worshipper of Makhleb the Destroyer
  2363 | D:3      | Acquired Makhleb's first power
  2363 | D:3      | Acquired Makhleb's second power
  2470 | D:3      | Reached skill level 5 in Dodging
  2470 | D:3      | Reached XP level 5. HP: 11/39 MP: 5/5
  2471 | D:3      | Killed from afar by an orc priest

Vault maps used:
D:1:      elethiomel_arrival_shortcut, minmay_misc_feat_iff
D:2:      nicolae_overflow_hidden_temple, first_bread
D:3:      old_standard_altar
D:4:      uniq_blork_the_orc, uniq_pikel

Action                   |  1- 3 |  4- 6 || total
-------------------------+-------+-------++-------
Melee: Unarmed           |   101 |    74 ||   175
  Use: Potion            |     6 |       ||     6
       Scroll            |     4 |     1 ||     5
 Stab: Sleeping          |     9 |     2 ||    11
  Eat: Corpse            |     2 |     5 ||     7
